Map: Glittering Ashes LE

Players

maru - Winner!

  • Race: Terran Terran

Harstem

  • Race: Protoss Protoss

Event: TSL 8

VOD

Have the link to the VOD?

Description

Time

  • Played on: Nov. 26, 2021, 10:30 a.m.
  • Length: 18:51

All games in this series

Show
View Real Time Build Order
Export as new Build Order

maru Terran - Winner!

Build Orders:  

Get SALT Encoding   

  12  0:00  SCV  
  13  0:12  SCV  
  14  0:17  Supply Depot  
  14  0:24  SCV  
  15  0:39  SCV  
  15  0:40  Barracks  
  16  0:46  Refinery  
  16  0:51  SCV  
  17  1:03  SCV  
  18  1:11  Engineering Bay  
  18  1:15  SCV  
  19  1:28  Barracks Reactor  
  19  1:29  Orbital Command  
  19  1:47  Supply Depot  
  19  1:55  SCV  
  20  2:01  Command Center  
  20  2:05  Marine x2  
  20  2:07  SCV  
  23  2:14  Barracks  
  23  2:19  SCV  
  24  2:23  Marine x2  
  24  2:27  Barracks  
  26  2:31  SCV  
  27  2:37  Supply Depot  
  27  2:41  Marine x2  
  27  2:44  SCV  
  30  2:51  Refinery  
  30  2:56  SCV  
  31  3:01  Marine x2  
  31  3:02  Barracks Tech Lab  
  33  3:08  SCV  
  34  3:14  Barracks Tech Lab  
  34  3:21  SCV, Marine x2  
  34  3:22  Stimpack  
  34  3:23  Marine  
  38  3:33  SCV, Combat Shield, Marine  
  40  3:41  Orbital Command  
  40  3:43  Marine  
  40  3:45  Marine  
  40  3:47  SCV  
  43  3:52  Marine x2  
  44  3:59  Supply Depot, SCV  
  44  4:02  Marine  
  46  4:03  Marine  
  46  4:09  SCV  
  48  4:11  SCV  
  48  4:12  Marine x2  
  51  4:19  Factory  
  51  4:20  Marine  
  51  4:21  Marine  
  51  4:22  SCV  
  51  4:23  SCV  
  54  4:27  Engineering Bay  
  53  4:34  SCV  
  53  4:35  SCV  
  53  4:36  Supply Depot, Marine x2  
  53  4:38  Marine  
  58  4:39  Marine  
  59  4:46  SCV  
  59  4:48  SCV  
  61  4:53  Supply Depot  
  61  4:54  Terran Infantry Weapons Level 1  
  61  4:55  Marine  
  61  4:56  Marine  
  61  4:57  Marine x2  
  64  5:00  SCV x2  
  66  5:07  Starport, Factory Reactor  
  66  5:12  Supply Depot, SCV, Refinery  
  66  5:13  Marine  
  68  5:15  SCV  
  68  5:18  Marine x2  
  71  5:24  SCV  
  71  5:27  SCV  
  73  5:30  Marine  
  73  5:31  Marine  
  73  5:34  Supply Depot  
  74  5:36  SCV  
  74  5:39  SCV, Command Center  
  76  5:48  SCV  
  76  5:52  SCV, Factory Tech Lab  
  76  5:53  Marauder x2  
  76  5:54  Medivac x2  
  85  5:59  Supply Depot  
  85  6:00  SCV  
  85  6:04  SCV  
  86  6:09  Marine x2  
  89  6:11  Siege Tank  
  89  6:12  SCV  
  90  6:21  Marauder x2, Concussive Shells  
  90  6:22  Barracks  
  90  6:23  Barracks  
  90  6:24  Supply Depot  
  94  6:28  Medivac  
  96  6:32  Missile Turret  
  96  6:34  SCV x2  
  96  6:46  Medivac, Siege Tank, SCV  
  102  6:48  SCV  
  102  6:50  Supply Depot, Refinery, Terran Infantry Armor Level 1  
  103  6:55  Orbital Command  
  103  6:58  SCV  
  103  6:59  Marauder x2  
  103  7:00  Marine x2  
  110  7:04  SCV  
  111  7:11  Barracks Reactor  
  111  7:12  Supply Depot, Barracks Reactor  
  111  7:15  Viking  
  111  7:20  SCV x2  
  114  7:23  SCV, Viking  
  114  7:28  Marine x2  
  114  7:29  Marauder x2  
  123  7:30  Missile Turret  
  123  7:32  SCV  
  123  7:35  Supply Depot  
  123  7:36  Siege Tank  
  127  7:37  SCV x2  
  129  7:45  SCV  
  129  7:48  Marine x2  
  129  7:49  Marine x2  
  129  7:50  Marauder x2  
  138  7:52  SCV  
  138  7:54  Refinery, Marine  
  138  7:55  Refinery  
  140  7:59  Supply Depot  
  140  8:08  Viking x2  
  140  8:11  Marauder  
  146  8:12  Armory  
  146  8:14  Engineering Bay  
  146  8:15  SCV  
  147  8:24  Marauder x2, Widow Mine x2, Marine x2  
  157  8:28  Supply Depot  
  157  8:29  Supply Depot  
  156  8:35  Supply Depot  
  156  8:38  Marauder  
  156  8:40  SCV x3  
  161  8:43  Command Center  
  161  8:45  Widow Mine x2  
  165  8:49  Medivac x2  
  165  8:55  SCV x3  
  171  9:01  Terran Infantry Weapons Level 2, Terran Infantry Armor Level 2  
  171  9:05  Ghost Academy  
  171  9:07  SCV  
  171  9:09  Widow Mine x2  
  176  9:19  Terran Ship Weapons Level 1  
  176  9:20  Sensor Tower  
  176  9:22  Marauder, Marine x2  
  176  9:23  Marauder x2, Marine  
  185  9:30  Widow Mine  
  185  9:31  Widow Mine  
  189  9:45  Barracks  
  189  9:46  Barracks  
  189  9:47  Barracks  
  189  9:49  Enhanced Shockwaves  
  189  9:55  Widow Mine x2, Medivac x2  
  200  10:16  Marine  
  191  10:29  Marine x2  
  191  10:30  Marine  
  191  10:31  Planetary Fortress  
  191  10:34  Barracks Tech Lab x2, Barracks Reactor, Marine  
  191  10:35  Missile Turret, Unknown x2  
  199  10:36  Missile Turret  
  199  10:39  Missile Turret  
  199  10:40  Refinery x2  
  199  10:55  Starport, Fusion Core  
  199  10:57  Missile Turret, Unknown  
  199  11:01  Command Center x2  
  199  11:03  Unknown  
  198  11:35  Unknown  
  198  11:36  Viking x2  
  198  11:37  Starport Reactor  
  198  11:39  Widow Mine x2  
  190  11:44  Advanced Ballistics  
  190  11:52  Unknown  
  190  11:54  Terran Infantry Weapons Level 3, Terran Infantry Armor Level 3  
  190  11:55  Marauder  
  190  11:56  Marauder x3  
  190  11:59  Marauder, Unknown  
  200  12:04  Command Center  
  198  12:23  Orbital Command x2  
  198  12:24  Command Center  
  198  12:27  Sensor Tower  
  176  12:40  Liberator x2  
  182  12:44  Liberator  
  182  12:46  Marine  
  182  12:47  Marauder, Marine  
  188  12:56  Liberator  
  190  13:03  Terran Ship Weapons Level 2  
  190  13:04  Missile Turret, Unknown x2  
  190  13:05  Unknown  
  190  13:08  Unknown  
  188  13:22  Missile Turret  
  188  13:34  Liberator x3  
  184  13:39  Viking  
  192  13:44  Planetary Fortress  
  192  13:51  Orbital Command  
  192  13:56  Personal Cloaking  
  192  13:58  Rapid Reignition System  
  192  14:01  Missile Turret  
  192  14:02  Refinery  
  192  14:06  Refinery  
  192  14:09  Liberator  
  195  14:16  Liberator  
  198  14:45  Viking  
  197  14:57  Liberator  
  195  15:03  Liberator x2  
  195  15:05  Starport  
  197  15:11  Command Center  
  197  15:15  Viking  
  197  15:19  Command Center  
  195  15:22  Nuke  
  183  15:29  Marine  
  183  15:30  Marauder x3, Marine x2  
  191  15:40  Liberator  
  194  15:45  Liberator  
  194  15:46  Liberator, Terran Ship Weapons Level 3, Neosteel Armor  
  194  15:47  Hi-Sec Auto Tracking  
  200  15:56  Starport Reactor  
  200  15:58  Unknown x2  
  192  16:30  Nuke  
  191  16:33  Marauder, Marine x3  
  199  16:46  Missile Turret  
  198  16:47  Command Center x2  
  198  16:49  Marine  
  162  17:01  Unknown x2  
  162  17:03  Viking x2  
  162  17:04  Liberator, Viking x3  
  173  17:13  Marine x5  
  184  17:33  Liberator x3, Viking  
  184  17:34  Viking, Nuke  
  197  17:39  Unknown x2  
  197  17:41  Unknown  
  197  17:47  Viking  
  197  18:03  Viking  
  197  18:04  Viking  
  169  18:27  Marine x2  
  169  18:28  Marauder x4, Marine x3  
  169  18:29  Marauder  
Show
View Real Time Build Order
Export as new Build Order

Harstem Protoss 

Build Orders: 1 Gate Expand, Phoenix Opening, Carriers, Colossus Rush 

Get SALT Encoding   

  12  0:00  Probe  
  13  0:12  Probe  
  14  0:17  Pylon  
  14  0:24  Probe (Chrono Boost)  
  15  0:37  Gateway, Probe (Chrono Boost)  
  16  0:45  Probe (Chrono Boost)  
  16  0:46  Assimilator  
  17  0:51  Probe  
  18  1:03  Probe  
  19  1:15  Probe  
  20  1:26  Cybernetics Core  
  21  1:37  Nexus  
  20  1:44  Pylon  
  20  1:47  Probe  
  20  1:53  Assimilator  
  21  1:59  Probe  
  21  2:00  Adept (Chrono Boost)  
  24  2:11  Probe  
  25  2:22  Adept  
  25  2:23  Probe  
  25  2:26  Stargate  
  28  2:36  Probe  
  29  2:37  Warp Gate  
  29  2:48  Probe  
  29  2:49  Probe  
  31  2:51  Pylon  
  31  2:53  Adept  
  33  3:00  Probe  
  33  3:01  Probe  
  35  3:09  Phoenix (Chrono Boost)  
  35  3:12  Probe  
  38  3:15  Probe  
  38  3:19  Shield Battery  
  39  3:25  Phoenix  
  41  3:28  Probe  
  41  3:31  Probe  
  43  3:35  Robotics Facility  
  43  3:40  Probe  
  44  3:43  Probe  
  44  3:47  Assimilator  
  45  3:52  Probe  
  45  3:54  Phoenix  
  45  3:55  Probe  
  49  3:57  Assimilator  
  49  3:58  Pylon  
  49  4:04  Probe (Chrono Boost)  
  49  4:07  Probe (Chrono Boost)  
  49  4:08  Pylon  
  51  4:16  Probe (Chrono Boost)  
  53  4:18  Gateway  
  53  4:20  Probe (Chrono Boost)  
  53  4:22  Probe (Chrono Boost)  
  54  4:26  Immortal (Chrono Boost)  
  58  4:31  Sentry  
  58  4:34  Probe  
  62  4:39  Pylon  
  62  4:41  Robotics Bay  
  61  4:46  Probe  
  61  4:50  Probe  
  63  4:54  Pylon  
  63  4:58  Probe  
  64  5:00  Observer, Phoenix  
  64  5:04  Adept  
  64  5:05  Probe  
  70  5:11  Pylon  
  70  5:13  Adept  
  72  5:16  Probe  
  72  5:19  Gateway  
  73  5:32  Colossus (Chrono Boost)  
  79  5:37  Phoenix  
  79  5:38  Adept  
  79  5:39  Zealot  
  79  5:42  Probe x2  
  87  5:50  Pylon  
  87  5:52  Shield Battery  
  87  5:54  Probe x2  
  87  5:55  Extended Thermal Lance (Chrono Boost)  
  89  6:01  Phoenix  
  89  6:02  Pylon  
  93  6:15  Colossus (Chrono Boost)  
  97  6:26  Nexus  
  97  6:28  Pylon  
  97  6:30  Probe  
  97  6:32  Twilight Council  
  99  6:39  Forge  
  98  6:41  Phoenix  
  98  6:47  Probe  
  99  6:55  Probe, Protoss Ground Weapons Level 1 (Chrono Boost)  
  99  6:57  Pylon  
  99  6:59  Colossus (Chrono Boost), Probe  
  99  7:00  Charge  
  107  7:02  Pylon  
  107  7:07  Probe  
  108  7:10  Shield Battery  
  108  7:11  Probe  
  109  7:19  Probe  
  110  7:23  Probe  
  110  7:24  Observer  
  110  7:27  Gateway  
  110  7:28  Gateway  
  111  7:31  Probe  
  111  7:32  Gateway, Assimilator  
  111  7:35  Probe  
  113  7:41  Zealot x3  
  119  7:46  Colossus (Chrono Boost)  
  124  7:53  Probe  
  125  8:00  Probe, Templar Archives  
  125  8:01  Probe  
  125  8:02  Assimilator  
  127  8:14  Probe  
  127  8:16  Pylon  
  127  8:17  Probe  
  127  8:19  Robotics Facility  
  129  8:21  Zealot x3  
  135  8:29  Disruptor (Chrono Boost)  
  138  8:35  Probe  
  138  8:36  High Templar x2  
  138  8:37  Zealot  
  138  8:38  Photon Cannon  
  138  8:41  Gateway  
  143  8:42  Gateway  
  143  8:43  Pylon  
  143  8:44  Archon  
  143  8:45  Zealot x2  
  147  8:58  Protoss Ground Weapons Level 2 (Chrono Boost)  
  147  9:01  Disruptor (Chrono Boost)  
  150  9:05  Nexus  
  150  9:08  Shield Battery  
  151  9:12  Colossus (Chrono Boost)  
  151  9:16  Pylon  
  156  9:18  High Templar x2  
  156  9:23  Archon  
  159  9:42  Probe  
  159  9:43  Disruptor (Chrono Boost)  
  159  9:45  Probe  
  161  9:48  Photon Cannon  
  161  9:49  Photon Cannon  
  161  9:50  Stalker x4  
  169  9:53  Pylon  
  169  9:57  Dark Shrine, Pylon  
  169  10:01  Pylon  
  169  10:02  Disruptor (Chrono Boost)  
  170  10:17  Probe x2  
  170  10:19  Stalker x4  
  170  10:20  Pylon  
  177  10:29  Disruptor (Chrono Boost)  
  177  10:30  Stalker x4  
  189  10:44  Observer (Chrono Boost), Assimilator  
  189  10:45  Forge  
  189  10:46  Assimilator  
  189  10:48  Photon Cannon  
  185  10:50  Shield Battery  
  185  10:56  Stalker x3  
  189  11:03  Disruptor  
  193  11:11  Probe  
  192  11:23  Stalker x4, Shadow Stride (Chrono Boost)  
  192  11:24  Stalker  
  197  11:36  Blink (Chrono Boost)  
  195  11:40  Zealot x2  
  195  11:46  Protoss Ground Armor Level 1 (Chrono Boost)  
  197  11:51  Probe  
  196  11:54  Photon Cannon  
  196  11:56  Protoss Ground Weapons Level 3 (Chrono Boost)  
  196  11:57  Probe  
  197  12:04  Fleet Beacon  
  197  12:05  Stargate x2  
  197  12:10  Probe  
  198  12:16  Zealot  
  198  12:22  Photon Cannon  
  200  12:23  Photon Cannon  
  200  12:25  Photon Cannon  
  196  12:34  Nexus  
  182  12:37  Zealot x7  
  196  12:47  Probe  
  196  12:48  Probe  
  198  12:59  Photon Cannon  
  198  13:07  Protoss Air Weapons Level 1 (Chrono Boost)  
  198  13:10  Nexus  
  198  13:12  Pylon  
  198  13:15  Photon Cannon  
  198  13:17  Photon Cannon  
  198  13:18  Probe  
  197  13:23  Photon Cannon, Cybernetics Core  
  197  13:25  Pylon  
  197  13:27  Photon Cannon  
  197  13:33  Pylon  
  197  13:34  Observer  
  197  13:39  Protoss Ground Armor Level 2 (Chrono Boost)  
  197  13:40  Photon Cannon  
  197  13:41  Pylon  
  195  13:43  Photon Cannon  
  195  13:46  High Templar  
  195  13:47  Psionic Storm  
  197  13:49  High Templar  
  197  13:50  Shield Battery  
  199  13:58  Photon Cannon  
  199  14:00  Carrier (Chrono Boost), Pylon  
  197  14:05  Disruptor  
  197  14:09  Robotics Facility  
  194  14:10  Carrier (Chrono Boost)  
  194  14:12  Gateway  
  200  14:20  Protoss Air Armor Level 1 (Chrono Boost)  
  200  14:21  Observer  
  198  14:30  Protoss Shields Level 1  
  188  14:38  Dark Templar  
  188  14:39  Dark Templar x5  
  190  14:56  Disruptor  
  190  14:59  Carrier x2 (Chrono Boost)  
  193  15:25  Dark Templar  
  182  15:30  Carrier  
  182  15:33  Disruptor  
  182  15:35  Stalker, Zealot, Assimilator  
  188  15:36  Zealot x5  
  188  15:39  Assimilator  
  194  15:56  Carrier  
  188  16:19  Nexus  
  188  16:21  Stalker x3, Carrier (Chrono Boost)  
  188  16:22  Stalker  
  199  16:27  Pylon  
  180  16:44  Carrier (Chrono Boost)  
  153  16:59  Disruptor  
  143  17:08  Zealot x2  
  133  17:11  Probe  
  134  17:17  High Templar  
  134  17:20  High Templar  
  134  17:34  Disruptor  
  137  17:38  High Templar  
  139  17:45  Zealot  
Tags
 
Add a new tag
Caveats
  • Supply blocks, unpowered buildings, or Contaminate may cause inaccurate times.
  • Supply counts are checked every 10 seconds.